 Dungeon Crawl Stone Soup version 0.31-a0-1469-gd420192249 (webtiles) character file.

Game seed: 13938699427032757557

145 Newt the Poker (level 5, 0/66 HPs)
             Began as a Merfolk Gladiator on Dec 28, 2023.
             Succumbed to Robin's poison
             ... on level 3 of the Dungeon.
             The game lasted 00:03:08 (2072 turns).

Newt the Poker (Merfolk Gladiator)                  Turns: 2072, Time: 00:03:08

Health: 0/66       AC:  6    Str: 16    XL:     5   Next: 27%
Magic:  5/5        EV: 13    Int:  7    God:
Gold:   63         SH:  0    Dex: 16    Spells: 4/4 levels left

rFire   . . .        r - +2 long sword (heavy)
rCold   . . .        (no shield)
rNeg    . . .        b - +0 leather armour
rPois   .            c - +0 helmet
rElec   .            k - +0 cloak
rCorr   .            (no gloves)
SInv    .            m - +0 pair of boots
Will    .....        (no amulet) Stlth
                     l - ring of wizardry
HPRegen 0.31/turn    (no ring)
MPRegen 0.09/turn

%: wizardry (x1)
@: berserking, lethally poisoned (0 -> -6), very quick
A: (nimble swimmer 2), mertail
a: no special abilities


You were on level 3 of the Dungeon.
You visited 1 branch of the dungeon, and saw 3 of its levels.

You collected 87 gold pieces.
You spent 24 gold pieces at shops.

Inventory:

Hand Weapons
 a - a +0 trident
 r - a +2 heavy long sword (weapon)
Missiles
 d - a throwing net (quivered)
 e - a javelin
Armour
 b - a +0 leather armour (worn)
 c - a +0 helmet (worn)
 k - a +0 cloak (worn)
 m - a +0 pair of boots (worn)
Jewellery
 l - a ring of wizardry (left hand)
Wands
 h - a wand of polymorph (10)
 n - a wand of paralysis (4)
Scrolls
 g - 2 scrolls of teleportation
 o - 2 scrolls of fear {unknown}
 p - 2 scrolls of enchant weapon {unknown}
 t - a scroll of identify
 u - a scroll of amnesia
Potions
 i - a potion of lignification {unknown}
 j - a potion of enlightenment {unknown}
 q - a potion of ambrosia {unknown}
 s - a potion of curing {unknown}


   Skills:
 - Level 5.0 Fighting
 + Level 0.6 Long Blades
 - Level 5.3 Polearms
 - Level 2.0 Throwing
 - Level 4.0 Dodging


You had 4 spell levels left.
You didn't know any spells.
Your spell library was empty.

Dungeon Overview and Level Annotations

Branches:
Dungeon (3/15)

Altars:
Dithmenos

Shops:
D:1 ?   D:2 [


Innate Abilities, Weirdness & Mutations

((You are very nimble when in or above water. (Stealth+, EV+, Speed+++)))
Your lower body shifts to a powerful aquatic tail in water.


Message History

Robin hits you with a +2 trident of venom.
You are poisoned.
Unknown command.
You closely miss Robin.
You feel very sick. Robin hits you but does no damage.
You are more poisoned.
The goblin hits you but does no damage. The goblin barely misses you.
Robin hits you but does no damage.
You are lethally poisoned!
Throw: 2 throwing nets
Press: ? - help, Q - select action, (/) - cycle Shift-Dir - straight line, f - Robin
Aim: Robin, wielding a +2 trident of venom, wearing a +0 animal skin and wearing a +0 helmet (68% to hit)
You throw a throwing net. The throwing net hits Robin.
Robin is caught in the net!
You feel very sick.
Robin struggles against the net.
The goblin closely misses you.
Unknown command.
You hit Robin.
Robin is moderately wounded.
* * * LOW HITPOINT WARNING * * *
You feel extremely sick.
Robin struggles against the net.
The goblin hits you with a +0 club.
* * * LOW HITPOINT WARNING * * *
Robin struggles against the net.
The goblin hits you with a +0 club.
* * * LOW HITPOINT WARNING * * *
A red film seems to cover your vision as you go berserk!
You feel yourself moving faster!
You feel mighty!
* * * LOW HITPOINT WARNING * * *
You feel very sick.
Robin struggles against the net.
The goblin closely misses you.
Unknown command.
You slash Robin!
Robin is almost dead.
* * * LOW HITPOINT WARNING * * *
You feel very sick.
Robin struggles against the net.
The goblin misses you.
You slash Robin!
You kill Robin!
You die...

#.......#.######..##...#.#.##
#####...........(.....).#..#...#
..................##..###..#..##
#####.............##..# #.....#
########..........##..# #.##..#
.≈≈≈≈≈..###.......##..#
#.##>.... ≈.....≈.#
#.......##..# #........
≈.≈≈≈.≈.# #.....).##..#
#.####### ≈≈...≈≈.#
#.....@.##..###.# ≈≈._.≈≈.#
#.....g.##......#
≈≈...≈≈.###.......##..###.#
≈.≈≈≈.≈.#.............# #.#
≈.....≈.#............## #.#
.≈≈≈≈≈..#.###.######.# #.#
########..###.# #.####.#######
#......######.##..........
######....[...............


You could see a goblin (strong).

Vanquished Creatures
  Jessica (D:2)
  Robin (D:3)
  2 adders (D:2)
  A worm (D:2)
  3 dart slugs
  2 bats (D:1)
  6 endoplasms
  5 giant cockroaches
  18 goblins
  12 hobgoblins
  4 jackals (D:1)
  4 kobolds
  2 quokkas
  4 ball pythons
  6 frilled lizards
  14 rats
85 creatures vanquished.

Notes
Turn   | Place    | Note
-------+----------+-------------------------------------------
     0 | D:1      | Newt the Merfolk Gladiator began the quest for the Orb.
     0 | D:1      | Reached XP level 1. HP: 16/16 MP: 1/1
    48 | D:1      | Reached XP level 2. HP: 24/24 MP: 2/2
   160 | D:1      | Found Hotwudom's Magic Scroll Shoppe.
   166 | D:1      | Bought a scroll of identify for 24 gold pieces
   255 | D:1      | Reached XP level 3. HP: 30/30 MP: 3/3
   769 | D:2      | Noticed Jessica
   775 | D:2      | Killed Jessica
   776 | D:2      | Reached XP level 4. HP: 28/38 MP: 4/4
   902 | D:2      | Reached skill level 5 in Fighting
  1471 | D:2      | Found Moekexeyt's Antique Armour Emporium.
  1506 | D:2      | Reached XP level 5. HP: 43/44 MP: 5/5
  1670 | D:2      | Reached skill level 5 in Polearms
  1811 | D:3      | Noticed Robin
  1967 | D:3      | Found a shadowy altar of Dithmenos.
  2071 | D:3      | HP: 2/66 [poisoned by Robin]
  2072 | D:3      | Killed Robin
  2072 | D:3      | Succumbed to Robin's poison

Illustrated notes

Levels and vault maps discovered:
D:1:      minmay_arrival_hallway, layout_rooms, serial_shops,
          nicolae_shop_peninsula
D:2:      layout_basic, serial_shops, shop, uniq_jessica
D:3:      layout_basic, mainiacjoe_overflow_paths, uniq_robin

Skill      XL: |  1  2  3  4  5 |
---------------+----------------+-----
Fighting       | 3 4 5 |  5.0
Polearms       | 5 |  5.3
Long Blades    | |  0.6
Throwing       | |  2.0
Dodging        | |  4.0

Action                     |  1- 3 |  4- 6 || total
---------------------------+-------+-------++-------
  Melee: Trident           |   147 |   127 ||   274
         Punch             |     1 |     1 ||     2
         Long sword        |       |    16 ||    16
  Throw: Throwing net      |       |     2 ||     2
    Use: Scroll            |     1 |     6 ||     7
         Potion            |       |     1 ||     1
   Stab: Sleeping          |     2 |     1 ||     3
 Armour: Leather armour    |    61 |    60 ||   121
  Dodge: Dodged            |   100 |    68 ||   168

Table legend: (Time is in decaauts)
 A = Elapsed time spent in this place.
 B = Non-inter-level travel time spent in this place.
 C = Inter-level travel time spent in this place.
 D = Time resting spent in this place.
 E = Time spent auto-exploring this place.
 F = Levels seen in this place.
 G = Mean time per level.
                   A        B        C        D        E       F      G
               +--------+--------+--------+--------+--------+-----+--------+
         Total |   2113 |   2012 |    101 |    216 |   1246 |   3 |  704.3 |
       Dungeon |   2113 |   2012 |    101 |    216 |   1246 |   3 |  704.3 |
               +--------+--------+--------+--------+--------+-----+--------+

Top non-repeatable levels by time:
     D:2: 1038 daAuts
     D:1: 741 daAuts
     D:3: 333 daAuts
